AoeStats
← BLOOTLAND

Arena

511010714Analyzed
1v1 RM · 7h ago on Oct 3, 2026· 16m 14s· 2 players
Game mode
Random Map
Map size
Tiny (2 player)
Population
200
Speed
Normal
Resources
Standard
Victory
Conquest
Starting age
Dark Age
Ending age
Imperial Age
RankedLock teamsTeams togetherTeam positionsShared explorationLock speedFull tech treeHidden civsTurbo modeCheats
Victory
Defeat
🇨🇳 Burgundians · China
893
+14
🇫🇷 Teutons · France
855
-14
BLOOTLAND
9:52 Feudal Age
10:31 Double-Bit Axe
17:32 Castle Age
Panacea
4:35 Double-Bit Axe
8:28 Wheelbarrow
9:32 Feudal Age
11:24 Wheelbarrow
15:28 Castle Age
13:51 Bow Saw
13:37 Horse Collar
14:44 Heavy Plow
Connection lost

Rejoining the realm…

Still unreachable

The connection could not be restored.

Session expired

The server has moved on; the page needs a fresh start.